 Dungeon Crawl Stone Soup version 0.30.1-11-g7821555f0a (webtiles) character file.

Game seed: 7276063553412022712

248 porpoise the Shooter (level 5, -1/46 HPs)
             Began as a Minotaur Hunter on Dec 27, 2023.
             Was an Initiate of Hepliaklqana.
             Slain by an ogre
             ... wielding a +0 giant spiked club
              (27 damage)
             ... on level 4 of the Dungeon.
             The game lasted 00:06:21 (2447 turns).

porpoise the Shooter (Minotaur Hunter)              Turns: 2447, Time: 00:06:22

Health: -1/46      AC:  5    Str: 16    XL:     5   Next: 86%
Magic:  4/4        EV: 11    Int:  6    God:    Hepliaklqana [......]
Gold:   148        SH:  0    Dex: 15    Spells: 4/4 levels left

rFire   . . .        a - +0 shortbow
rCold   . . .        (shield currently unavailable)
rNeg    . . .        k - +0 ring mail
rPois   .            (helmet restricted)
rElec   .            (no cloak)
rCorr   .            (no gloves)
SInv    .            (no boots)
Will    .....        (no amulet)
Stlth   +            (no ring)
HPRegen 0.27/turn    (no ring)
MPRegen 0.09/turn

%: no passive effects
@: no status effects
A: horns 2, retaliatory headbutt
a: Renounce Religion


You were on level 4 of the Dungeon.
You worshipped Hepliaklqana.
Hepliaklqana was noncommittal.
You visited 1 branch of the dungeon, and saw 4 of its levels.

You collected 148 gold pieces.

Inventory:

Hand Weapons
 a - a +0 shortbow (weapon)
 b - a +0 rapier
Missiles
 e - 6 atropa-tipped darts
 o - 8 poisoned darts
Armour
 k - a +0 ring mail (worn)
Jewellery
 i - the ring of the Mage {Wiz Archmagi}
   (You found it on level 2 of the Dungeon)

   [ring of wizardry]

   It improves your spell success rate.
   Archmagi:  It increases the power of your magical spells.
Wands
 c - a wand of mindburst (9)
Scrolls
 f - 2 scrolls of poison
 h - a scroll of fog {unknown}
 j - a scroll of teleportation {unknown}
 n - 4 scrolls of immolation
 p - a scroll of noise {unknown}
Potions
 d - a potion of mutation
 m - a potion of might {unknown}


   Skills:
 + Level 4.3 Fighting
 * Level 6.3 Ranged Weapons
 + Level 3.1 Armour
 - Level 2.1 Dodging
 - Level 0.7 Stealth


You had 4 spell levels left.
You didn't know any spells.
Your spell library contained the following spells:

 Spells                   Type           Power      Damage    Failure   Level
 Poisonous Vapours        Pois/Air       0%         N/A       80%         2
 Mephitic Cloud           Conj/Pois/Air  0%         N/A       95%         3
 Freezing Cloud           Conj/Ice/Air   0%         6-21      100%        5


Dungeon Overview and Level Annotations

Branches:
Dungeon (4/15)
 Temple: D:4-7

Altars:
Fedhas
Hepliaklqana
Sif Muna
Trog
Wu Jian

Annotations:
D:3 exclusion: oklob plant


Innate Abilities, Weirdness & Mutations

You have a pair of horns on your head.
You reflexively headbutt those who attack you in melee.


Message History

The scorpion closely misses you.
The hobgoblin hits you but does no damage.
The scorpion stings you.
You are poisoned.
The scorpion poisons you! The hobgoblin hits you.
You shoot an arrow. The arrow closely misses the scorpion.
You feel very sick.
The scorpion stings you but does no damage.
The hobgoblin hits you but does no damage.
You shoot an arrow. The arrow hits the scorpion.
The scorpion is almost dead.
You feel very sick. The scorpion closely misses you. You furiously retaliate!
You headbutt the scorpion.
You kill the scorpion!
The hobgoblin hits you.
Your Armour skill increases to level 3!
You shoot an arrow. The arrow barely misses the hobgoblin.
You feel sick. The hobgoblin closely misses you.
The hobgoblin hits you but does no damage.
You shoot an arrow. The arrow barely misses the hobgoblin.
You feel sick. The hobgoblin hits you.
You shoot an arrow. The arrow hits the hobgoblin.
You kill the hobgoblin!
You feel sick.
An ogre comes into view. It is wielding a +0 giant spiked club.
You shoot an arrow. The arrow barely misses the ogre.
You feel sick.
Unknown command.
You shoot an arrow. The arrow hits the ogre.
The ogre is lightly wounded.
You feel sick.
You are no longer poisoned.
You shoot an arrow. The arrow hits the ogre.
The ogre is lightly wounded.
You shoot an arrow. The arrow hits the ogre.
The ogre is moderately wounded.
You shoot an arrow. The arrow barely misses the ogre.
The ogre hits you with a +0 giant spiked club!!
Ouch! That really hurt!
You die...

#.# #.# #.# #.#
##.# #..#
########## #.##
#........####.#
#..O@....'....#
#..†.....######
#........#
#..)......#
...........#
...#........#
...#........#
.# ##########


You could see an ogre.

Vanquished Creatures
  A scorpion (D:4)
  Jessica (D:2)
  2 gnolls (D:3)
  6 adders
  A white imp (D:3)
  A worm (D:2)
  2 dart slugs (D:2)
  3 ball pythons
  7 bats
  6 endoplasms
  2 giant cockroaches
  6 hobgoblins
  6 jackals
  6 kobolds
  2 quokkas
  9 frilled lizards
  7 goblins
  6 rats
74 creatures vanquished.

Notes
Turn   | Place    | Note
-------+----------+-------------------------------------------
     0 | D:1      | porpoise the Minotaur Hunter began the quest for the Orb.
     0 | D:1      | Reached XP level 1. HP: 18/18 MP: 0/0
    24 | D:1      | Reached XP level 2. HP: 22/25 MP: 1/1
   141 | D:1      | Reached skill level 1 in Armour
   665 | D:1      | Reached skill level 5 in Ranged Weapons
   665 | D:1      | Reached XP level 3. HP: 26/31 MP: 2/2
   832 | D:2      | Found the ring of the Mage {Wiz Archmagi}
   927 | D:2      | Reached XP level 4. HP: 38/38 MP: 3/3
  1267 | D:2      | Noticed Jessica
  1271 | D:2      | Killed Jessica
  1450 | D:3      | Reached XP level 5. HP: 26/46 MP: 4/4
  1739 | D:3      | Found a blossoming altar of Fedhas.
  1769 | D:3      | Noticed an oklob plant
  1958 | D:3      | Found a hazy altar of Hepliaklqana.
  1961 | D:3      | Found a shimmering blue altar of Sif Muna.
  1966 | D:3      | Became a worshipper of Hepliaklqana the Forgotten
  1969 | D:3      | Found a bloodstained altar of Trog.
  1969 | D:3      | Found an ornate altar of the Wu Jian Council.
  2271 | D:3      | Reached skill level 6 in Ranged Weapons
  2442 | D:4      | Noticed an ogre
  2447 | D:4      | Slain by an ogre

Illustrated notes

Levels and vault maps discovered:
D:1:      dpeg_arrival_pits, layout_loops_ring, serial_park_tiny_1
D:2:      layout_rooms, kennysheep_jessica_study
D:3:      layout_basic, tgw_fedhas, minitemple
D:4:      layout_basic

Skill      XL: |  1  2  3  4  5 |
---------------+----------------+-----
Armour         | 1 2 3 |  3.1
Fighting       | 3 4 |  4.3
Ranged Weapons | 5 6 |  6.3
Dodging        | |  2.1
Stealth        | |  0.7

Action                     |  1- 3 |  4- 6 || total
---------------------------+-------+-------++-------
   Fire: Shortbow          |    95 |   100 ||   195
    Use: Scroll            |       |     3 ||     3
 Armour: Leather armour    |    20 |       ||    20
         Ring mail         |       |    14 ||    14
  Dodge: Dodged            |    48 |    31 ||    79
